 Dungeon Crawl Stone Soup version 0.30-a0-591-g3c58d2bc28 (webtiles) character file.

Game seed: 202808057897914262

1927 porpoise the Cleaver (level 9, -1/67 HPs)
             Began as a Gnoll Wanderer on Jan 5, 2023.
             Was an Initiate of Sif Muna.
             Slain by an orc wizard
             ... wielding a +1 dagger of venom
              (2 damage)
             ... on level 7 of the Dungeon on Jan 6, 2023.
             The game lasted 00:41:17 (7528 turns).

porpoise the Cleaver (Gnoll Wanderer)               Turns: 7528, Time: 00:41:17

Health: -1/67      AC:  8    Str: 15    XL:     9   Next: 17%
Magic:  16/16      EV: 10    Int: 15    God:    Sif Muna [......]
Gold:   220        SH:  0    Dex:  9    Spells: 15/18 levels left

rFire   . . .      SeeInvis .    a - +2 hand axe
rCold   . . .      Faith    .    (no shield)
rNeg    + . .      Spirit   .    M - +0 ring mail
rPois   .          Reflect  .    (no helmet)
rElec   .          Harm     .    x - +0 cloak
rCorr   .          Rampage  .    L - +0 pair of gloves
Will    .....                    E - +0 pair of boots
Stlth   +                        n - amulet of magic regeneration
HPRegen 0.31/turn                A - ring of positive energy
MPRegen 0.55/turn                (no ring)

@: lethally poisoned (-1 -> -15)
A: fangs 1, strong nose, distributed training
a: Renounce Religion


You were on level 7 of the Dungeon.
You worshipped Sif Muna.
Sif Muna was noncommittal.
You visited 1 branch of the dungeon, and saw 7 of its levels.
You also visited: Sewer.

You collected 847 gold pieces.
You spent 627 gold pieces at shops.

Inventory:

Hand Weapons
 a - a +2 hand axe (weapon)
 v - a +1 short sword of electrocution
Missiles
 b - 10 poisoned darts (quivered)
 r - 2 boomerangs of dispersal
 O - 5 atropa-tipped darts
Armour
 x - a +0 cloak (worn)
 C - the +0 kite shield "Boopomor" {rElec Int+6}
   (You found it on level 4 of the Dungeon)

   Int:       It affects your intelligence (+6).
   rElec:     It insulates you from electricity.
 E - a +0 pair of boots (worn)
 F - the +1 leather armour of the Moneychanger {rElec rC+ rN+}
   (You bought it in a shop on level 5 of the Dungeon)

   rC:        It protects you from cold.
   rElec:     It insulates you from electricity.
   rN:        It protects you from negative energy.
 G - a +0 scale mail of fire resistance
 H - a +2 ring mail of cold resistance
 L - a +0 pair of gloves (worn)
 M - a +0 ring mail (worn)
Magical Staves
 q - a staff of death
Jewellery
 c - a ring of ice
 n - an amulet of magic regeneration (around neck)
 A - a ring of positive energy (left hand)
Scrolls
 d - a scroll of fear
 e - 2 scrolls of enchant armour
 f - a scroll of enchant weapon
 g - 2 scrolls of teleportation
 h - a scroll of torment
 i - 2 scrolls of blinking
 k - 2 scrolls of amnesia
 m - a scroll of immolation
 o - 2 scrolls of poison
 t - a scroll of identify
 w - a scroll of magic mapping {unknown}
 y - a scroll of fog
 z - 9 scrolls of noise
Potions
 j - 4 potions of flight
 l - 2 potions of attraction
 p - 2 potions of mutation
 s - 3 potions of brilliance
 u - a potion of haste
 B - a potion of curing
 D - 2 potions of lignification
 I - 4 potions of heal wounds
 J - a potion of cancellation
 K - a potion of resistance
 N - 2 potions of might {unknown}


   Skills:
 + Level 4.9(2.4) Fighting
 + Level 4.1(2.0) Short Blades
 + Level 4.1(2.0) Long Blades
 + Level 9.5(5.5) Axes
 + Level 4.1(2.0) Maces & Flails
 + Level 4.1(2.0) Polearms
 + Level 4.1(2.0) Staves
 + Level 4.1(2.0) Ranged Weapons
 + Level 4.9(2.4) Throwing
 + Level 4.9(2.4) Armour
 + Level 4.1(2.0) Dodging
 + Level 4.1(2.0) Stealth
 + Level 4.1(2.0) Shields
 + Level 4.1(2.0) Unarmed Combat
 + Level 5.1(2.5) Spellcasting
 + Level 3.4(1.7) Conjurations
 + Level 3.4(1.7) Hexes
 + Level 5.1(2.5) Summonings
 + Level 3.4(1.7) Necromancy
 + Level 3.4(1.7) Translocations
 + Level 3.4(1.7) Transmutations
 + Level 3.4(1.7) Fire Magic
 + Level 3.4(1.7) Ice Magic
 + Level 3.4(1.7) Air Magic
 + Level 3.4(1.7) Earth Magic
 + Level 3.4(1.7) Poison Magic
 + Level 4.5(2.2) Invocations
 + Level 4.1(2.0) Evocations


You had 15 spell levels left.
You knew the following spells:

 Your Spells              Type           Power      Damage    Failure   Level
a - Summon Small Mammal   Summ           36%        N/A       14%         1
k - Blink                 Tloc           14%        N/A       30%         2

Your spell library contained the following spells:

 Spells                   Type           Power      Damage    Failure   Level
 Summon Guardian Golem    Hex/Summ       8%         N/A       45%         3
 Gell's Gravitas          Tloc           7%         N/A       52%         3
 Teleport Other           Tloc           7%         N/A       52%         3
 Tukima's Dance           Hex            7%         N/A       52%         3
 Manifold Assault         Tloc           7%         N/A       89%         4
 Passage of Golubria      Tloc           7%         N/A       89%         4
 Yara's Violent Unravell  Hex/Tmut       3%         3d4       99%         5
 Dispersal                Tloc           3%         N/A       100%        6
 Malign Gateway           Summ/Tloc      4%         N/A       100%        7
 Storm Form               Tmut/Air       3%         N/A       100%        7
 Summon Horrible Things   Summ           4%         N/A       100%        8


Dungeon Overview and Level Annotations

Branches:
Dungeon (7/15)              Sewer (visited)
 Temple: D:4-7

Altars:
Ashenzari
Kikubaaqudgha
Ru
Sif Muna
Vehumet

Shops:
D:2 ?   D:4 ?   D:5 [


Innate Abilities, Weirdness & Mutations

You have very sharp teeth.
Your uncanny sense of smell can sniff out nearby items.
Your experience applies equally to all skills.


Message History

The centaur hits you but does no damage.
The centaur kicks you. Something hits you.
You are poisoned.
The gnoll barely misses you.
The orc priest hits you with a +0 hand axe.
You hit something but do no damage. You hit the centaur but do no damage.
You hit the orc priest but do no damage.
You feel very sick.
The centaur hits you but does no damage.
The centaur barely misses you.
The orc priest hits you with a +0 hand axe.
You hear some strange, mumbled words.
A puff of flame appears from out of thin air!
The puff of flame hits you.
* * * LOW HITPOINT WARNING * * *
The gnoll hits you but does no damage.
You barely miss something. Your bite misses something.
You closely miss the centaur.
You hit the orc priest but do no damage.
You feel sick.
The centaur hits you but does no damage.
The centaur kicks you but does no damage.
The centaur hits you.
* * * LOW HITPOINT WARNING * * *
The centaur kicks you but does no damage.
Something hits you.
* * * LOW HITPOINT WARNING * * *
You are lethally poisoned!
The gnoll barely misses you.
The orc priest miscasts a cantrip.
You closely miss something. You hit the centaur but do no damage.
You hit the orc priest but do no damage.
* * * LOW HITPOINT WARNING * * *
You feel very sick. The centaur hits you.
* * * LOW HITPOINT WARNING * * *
The centaur barely misses you.
The orc priest hits you but does no damage.
Something hits you.
You die...

.>. ######## # #.#.#
....... . #.#.#
.....#### #.#.#.# #
......... #.#.#.##.#
.....#####.#...ggg .
.<......... #.c{#.#
.....#########oo@#.##
###.................#
################.####.#
......................#
################$######
#.# #.# #.# #.#


You could see a centaur, an orc priest, 3 gnolls and an orc.

Vanquished Creatures
  A water moccasin (D:5)
  An ice beast (D:5)
  6 ogres
  A centaur (D:4)
  A necrophage (D:6)
  3 scorpions
  An orc priest (D:6)
  6 jellies
  A gnoll bouda (D:6)
  4 hounds
  Jessica (D:3)
  2 iguanas (D:6)
  6 orc wizards
  7 gnolls (D:6)
  12 adders
  2 shadow imps (D:6)
  An ufetubus (D:5)
  2 worms
  A dart slug (D:3)
  11 orcs
  10 endoplasms
  6 giant cockroaches
  12 hobgoblins
  10 quokkas
  16 ball pythons
  6 bats
  5 frilled lizards
  11 goblins
  5 kobolds
  7 rats
158 creatures vanquished.

Vanquished Creatures (collateral kills)
  A ball python (Sewer)
  2 endoplasms
  A goblin (D:1)
  A quokka (D:1)
5 creatures vanquished.

Grand Total: 163 creatures vanquished

Notes
Turn   | Place    | Note
-------+----------+-------------------------------------------
     0 | D:1      | porpoise the Gnoll Wanderer began the quest for the Orb.
     0 | D:1      | porpoise set off with the following items: a +2 hand axe,
                  | 12 poisoned darts, a +0 dagger, a scroll of fear, a +0
                  | leather armour; and the following spell memorised: Summon
                  | Small Mammal; and the following spells available to
                  | memorise: Summon Guardian Golem.
     0 | D:1      | Reached XP level 1. HP: 17/17 MP: 4/4
    94 | D:1      | Reached XP level 2. HP: 15/23 MP: 3/5
   477 | D:1      | Reached XP level 3. HP: 28/28 MP: 7/7
   755 | D:1      | Reached skill level 1 in Invocations
   917 | D:2      | Reached skill level 1 in Short Blades
   917 | D:2      | Reached skill level 1 in Long Blades
   917 | D:2      | Reached skill level 1 in Maces & Flails
   917 | D:2      | Reached skill level 1 in Polearms
   917 | D:2      | Reached skill level 1 in Staves
   917 | D:2      | Reached skill level 1 in Ranged Weapons
   917 | D:2      | Reached skill level 1 in Dodging
   917 | D:2      | Reached skill level 1 in Stealth
   917 | D:2      | Reached skill level 1 in Shields
   917 | D:2      | Reached skill level 1 in Unarmed Combat
   917 | D:2      | Reached skill level 1 in Evocations
   922 | D:2      | Reached XP level 4. HP: 29/34 MP: 8/8
   950 | D:2      | Found a broken altar of Ashenzari.
   963 | D:2      | Became a worshipper of Ashenzari the Shackled
  1019 | D:2      | Found Plog's Magic Scroll Shop.
  1163 | D:2      | Reached skill level 1 in Conjurations
  1163 | D:2      | Reached skill level 1 in Hexes
  1163 | D:2      | Reached skill level 1 in Necromancy
  1163 | D:2      | Reached skill level 1 in Translocations
  1163 | D:2      | Reached skill level 1 in Transmutations
  1163 | D:2      | Reached skill level 1 in Fire Magic
  1163 | D:2      | Reached skill level 1 in Ice Magic
  1163 | D:2      | Reached skill level 1 in Air Magic
  1163 | D:2      | Reached skill level 1 in Earth Magic
  1163 | D:2      | Reached skill level 1 in Poison Magic
  1667 | D:3      | Noticed Jessica
  1677 | D:3      | Killed Jessica
  1678 | D:3      | Reached XP level 5. HP: 37/40 MP: 9/9
  2340 | D:4      | Noticed a centaur
  2353 | D:4      | Killed a centaur
  2354 | D:4      | Reached XP level 6. HP: 23/47 MP: 9/11
  2855 | D:4      | Found Ehoisup's Magic Scroll Boutique.
  3051 | D:4      | Identified the +0 kite shield "Boopomor" {rElec Int+6}
  3599 | D:5      | Entered Level 5 of the Dungeon
  3625 | D:5      | Reached XP level 7. HP: 19/52 MP: 12/12
  3927 | D:5      | Reached skill level 9 in Axes
  4066 | D:5      | Found a sacrificial altar of Ru.
  4125 | D:5      | Reached * piety under Ashenzari
  4125 | D:5      | Identified a scroll of acquirement
  4592 | D:5      | Reached XP level 8. HP: 61/61 MP: 15/15
  4855 | D:5      | Found Ostruuj's Antique Armour Emporium.
  4866 | D:5      | Bought a shimmering leather armour for 154 gold pieces
  4866 | D:5      | Identified the +1 leather armour of the Moneychanger {rElec
                  | rC+ rN+} (You bought it in a shop on level 5 of the
                  | Dungeon)
  5371 | D:5      | Acquired 494 gold pieces
  5420 | D:5      | Bought a shiny helmet for 165 gold pieces
  5420 | D:5      | Bought a glowing scale mail for 154 gold pieces
  5420 | D:5      | Bought a runed ring mail for 154 gold pieces
  5485 | D:6      | Found a glowing drain.
  5500 | Sewer    | Entered a sewer
  5811 | Sewer    | Found a viscous altar of Jiyva.
  6378 | D:6      | Reached ** piety under Ashenzari
  6405 | D:6      | Found an ancient bone altar of Kikubaaqudgha.
  6413 | D:6      | Reached skill level 5 in Summonings
  6420 | D:6      | Found a shimmering blue altar of Sif Muna.
  6420 | D:6      | Identified Sif Muna's Cyclopedia of Summoning
  6451 | D:6      | Found a radiant altar of Vehumet.
  6469 | D:6      | Fell from the grace of Ashenzari
  6469 | D:6      | Became a worshipper of Sif Muna the Loreminder
  6558 | D:6      | Reached XP level 9. HP: 23/66 MP: 16/16
  6857 | D:6      | Reached skill level 5 in Spellcasting
  7008 | D:6      | Learned a level 2 spell: Blink
  7528 | D:7      | HP: 1/67 [centaur (4)]
  7528 | D:7      | Slain by an orc wizard

Illustrated notes

Levels and vault maps discovered:
D:1:      wheals_arrival_shading, layout_basic, minmay_crystal_water,
          minmay_pentomino_q2
D:2:      layout_rooms, basic_altar, serial_shops, nicolae_shop_stone
D:3:      layout_basic, uniq_jessica
D:4:      layout_loops_ring, serial_shops, shop_scrolls
D:5:      layout_basic, nicolae_ru_great_annihilating_truth, serial_shops, shop
D:6:      layout_gridville, palyth_temple_overflow_mages,
          cheibrodos_sewer_entry_sluice
D:7:      layout_basic, minmay_temple_entry_crystal_x, minivault_11,
          uniq_crazy_yiuf_cottage, uniq_menkaure, uniq_prince_ribbit1

Skill      XL: |  1  2  3  4  5  6  7  8  9 |
---------------+----------------------------+-----
Invocations    | 1 2 3 4 |  4.5
Short Blades   | 1 2 3 4 |  4.1
Long Blades    | 1 2 3 4 |  4.1
Maces & Flails | 1 2 3 4 |  4.1
Polearms       | 1 2 3 4 |  4.1
Staves         | 1 2 3 4 |  4.1
Ranged Weapons | 1 2 3 4 |  4.1
Dodging        | 1 2 3 4 |  4.1
Stealth        | 1 2 3 4 |  4.1
Shields        | 1 2 3 4 |  4.1
Unarmed Combat | 1 2 3 4 |  4.1
Evocations     | 1 2 3 4 |  4.1
Spellcasting   | 3 4 5 |  5.1
Conjurations   | 1 2 3 |  3.4
Hexes          | 1 2 3 |  3.4
Necromancy     | 1 2 3 |  3.4
Translocations | 1 2 3 |  3.4
Transmutations | 1 2 3 |  3.4
Fire Magic     | 1 2 3 |  3.4
Ice Magic      | 1 2 3 |  3.4
Air Magic      | 1 2 3 |  3.4
Earth Magic    | 1 2 3 |  3.4
Poison Magic   | 1 2 3 |  3.4
Fighting       | 3 4 |  4.9
Throwing       | 3 4 |  4.9
Armour         | 3 4 |  4.9
Summonings     | 4 5 |  5.1
Axes           | 9 |  9.5

Action                   |  1- 3 |  4- 6 |  7- 9 || total
-------------------------+-------+-------+-------++-------
Melee: Hand axe          |    96 |   190 |   403 ||   689
       Bite              |     9 |     7 |    44 ||    60
       Punch             |     1 |     3 |    12 ||    16
Throw: Dart              |       |     7 |    13 ||    20
 Cast: Summon Small Mamm |    11 |     2 |    10 ||    23
Invok: Curse Item        |       |     1 |     2 ||     3
  Use: Scroll            |       |    10 |     1 ||    11
 Stab: Paralysed         |       |       |     2 ||     2
       Sleeping          |       |       |     2 ||     2
Armor: Leather armour    |    12 |       |       ||    12
       Ring mail         |     9 |    73 |   160 ||   242
       Skin              |       |       |     2 ||     2
Dodge: Dodged            |    48 |    78 |   197 ||   323

Table legend: (Time is in decaauts)
 A = Elapsed time spent in this place.
 B = Non-inter-level travel time spent in this place.
 C = Inter-level travel time spent in this place.
 D = Time resting spent in this place.
 E = Time spent auto-exploring this place.
 F = Levels seen in this place.
 G = Mean time per level.
                   A        B        C        D        E       F      G
               +--------+--------+--------+--------+--------+-----+--------+
         Total |   7464 |   7299 |    165 |   2719 |   2947 |   8 |  933.0 |
       Dungeon |   6919 |   6754 |    165 |   2490 |   2874 |   7 |  988.4 |
         Sewer |    544 |    544 |      0 |    229 |     72 |   1 |  544.0 |
               +--------+--------+--------+--------+--------+-----+--------+

Top non-repeatable levels by time:
     D:5: 1819 daAuts
     D:6: 1498 daAuts
     D:4: 1236 daAuts
     D:3: 833 daAuts
     D:1: 775 daAuts
     D:2: 716 daAuts
   Sewer: 544 daAuts
     D:7: 39 daAuts
